 Dungeon Crawl Stone Soup version 0.31-a0-816-gd61d57ddb1 (webtiles) character file.

Game seed: 17818316107597921416

8 Essalna the Digger (level 2, -1/19 HPs)
             Began as a Demonspawn Earth Elementalist on Sept 22, 2023.
             Slain by a frilled lizard (3 damage)
             ... on level 1 of the Dungeon.
             The game lasted 00:00:30 (383 turns).

Essalna the Digger (Demonspawn Earth Elementalist)   Turns: 383, Time: 00:00:30

Health: -1/19      AC:  2    Str:  8    XL:     2   Next: 0%
Magic:  5/5        EV: 12    Int: 16    God:
Gold:   32         SH:  0    Dex: 13    Spells: 4/5 levels left

rFire   . . .        d - +0 war axe
rCold   . . .        (no shield)
rNeg    . . .        a - +0 robe
rPois   .            (no helmet)
rElec   .            (no cloak)
rCorr   .            (no gloves)
SInv    .            (no boots)
Will    .....        (no amulet)
Stlth   ++           (no ring)
HPRegen 0.23/turn    (no ring)
MPRegen 0.09/turn

%: no passive effects
@: no status effects
A: hooves 1
a: no special abilities


You were on level 1 of the Dungeon.
You visited 1 branch of the dungeon, and saw 1 of its levels.

You collected 32 gold pieces.

Inventory:

Hand Weapons
 d - a +0 war axe (weapon)
Armour
 a - a +0 robe (worn)
Scrolls
 c - a scroll of teleportation {unknown}
Potions
 b - a potion of magic
 e - a potion of invisibility {unknown}


   Skills:
 - Level 1.7 Dodging
 - Level 1.7 Stealth
 + Level 2.3 Spellcasting
 - Level 0.8 Transmutations
 + Level 3.0 Earth Magic


You had 4 spell levels left.
You knew the following spells:

 Your Spells              Type           Power      Damage    Failure   Level
a - Sandblast             Erth           22%        2d7       6%          1

Your spell library contained the following spells:

 Spells                   Type           Power      Damage    Failure   Level
 Passwall                 Tmut/Erth      6%         N/A       14%         2
 Stone Arrow              Conj/Erth      12%        3d7       32%         3
 Petrify                  Tmut/Erth      8%         N/A       65%         4
 Brom's Barrelling Bould  Conj/Erth      6%         2d3       71%         4


Dungeon Overview and Level Annotations

Branches:
Dungeon (1/15)

Altars:


Innate Abilities, Weirdness & Mutations

You have large cloven feet.


Message History

Your feet thicken and deform.
Key pressed, stopping explore.
There is a stone staircase leading down here. 2 jackals and a frilled lizard come into view.
The jackal barks!
There are monsters nearby!
Unknown command.
Found 7 stones.
The jackal barks!
The frilled lizard hisses angrily.
You hear a bark!
A jackal comes into view.
There are no items here.
A jackal comes into view.
The frilled lizard barely misses you. The jackal misses you.
The frilled lizard closely misses you.
The frilled lizard bites you but does no damage.
The jackal bites you. The jackal closely misses you.
The jackal bites you but does no damage.
The jackal barely misses you. The frilled lizard barely misses you.
The jackal misses you.
The jackal bites you but does no damage.
The frilled lizard bites you.
The jackal bites you but does no damage.
The jackal bites you. The frilled lizard bites you.
The jackal bites you but does no damage.
The jackal closely misses you.
The jackal bites you. x2; The frilled lizard barely misses you.
The jackal barely misses you. The jackal closely misses you.
The frilled lizard bites you but does no damage.
The jackal barely misses you. x2
The jackal bites you but does no damage.
The jackal bites you. The frilled lizard closely misses you.
The jackal barely misses you. The jackal closely misses you.
The frilled lizard bites you. The jackal bites you.
* * * LOW HITPOINT WARNING * * *
The jackal bites you.
* * * LOW HITPOINT WARNING * * *
The jackal barks!
The frilled lizard bites you.
You die...

# ..# #.# ..# #.# #.#
###.# #.# (..# #.#
#.h# #.# ### #.h#
#.###.#####hl# ####
#....#.....h@# #..
#.###.######## #.#####
#.# #.# ######.##...
#.###.######.........#
#.....>...........##.#
#####.#####.......##.#
. #.# #..###.....# #.
#.# #..#
##.##.######## #.#
#..# #.........)#


You could see 4 jackals and a frilled lizard.

Vanquished Creatures
  A goblin (D:1)
  2 hobgoblins (D:1)
  2 ball pythons (D:1)
  A kobold (D:1)
  2 rats (D:1)
8 creatures vanquished.

Notes
Turn   | Place    | Note
-------+----------+-------------------------------------------
     0 | D:1      | Essalna the Demonspawn Earth Elementalist began the quest
                  | for the Orb.
     0 | D:1      | Reached XP level 1. HP: 13/13 MP: 3/3
   262 | D:1      | Reached skill level 3 in Earth Magic
   300 | D:1      | Gained mutation: You have large cloven feet. [demonic
                  | ancestry]
   300 | D:1      | Reached XP level 2. HP: 19/19 MP: 1/5
   383 | D:1      | Slain by a frilled lizard

Illustrated notes

Levels and vault maps discovered:
D:1:      lemuel_arrival_funnel, layout_loops_ring

Skill      XL: |  1 |
---------------+----+-----
Earth Magic    | 3 |  3.0
Dodging        | |  1.7
Stealth        | |  1.7
Spellcasting   | |  2.3
Transmutations | |  0.8

Action                     || total
---------------------------++-------
  Melee: Unarmed           ||     3
   Cast: Sandblast         ||    10
 Armour: Robe              ||    21
  Dodge: Dodged            ||    20

Table legend: (Time is in decaauts)
 A = Elapsed time spent in this place.
 B = Non-inter-level travel time spent in this place.
 C = Inter-level travel time spent in this place.
 D = Time resting spent in this place.
 E = Time spent auto-exploring this place.
 F = Levels seen in this place.
 G = Mean time per level.
                   A        B        C        D        E       F      G
               +--------+--------+--------+--------+--------+-----+--------+
         Total |    387 |    387 |      0 |      0 |    332 |   1 |  387.0 |
       Dungeon |    387 |    387 |      0 |      0 |    332 |   1 |  387.0 |
               +--------+--------+--------+--------+--------+-----+--------+

Top non-repeatable levels by time:
     D:1: 387 daAuts
